Map: Dusk Towers

Players

Alex - Winner!

  • Race: Protoss Protoss
  • League: Platinum

blackxored

  • Race: Zerg Zerg
  • League: Diamond

VOD

Have the link to the VOD?

Description

Time

  • Played on: July 1, 2016, 7:27 p.m.
  • Length: 27:52
Show
View Real Time Build Order
Export as new Build Order

Alex Protoss - Winner!

Build Orders: 1 Gate Expand, Zealot Archon, Dark Templar Rush 

Get SALT Encoding   

  12  0:01  Probe (Chrono Boost)  
  13  0:11  Probe (Chrono Boost)  
  14  0:17  Pylon  
  14  0:22  Probe (Chrono Boost)  
  15  0:36  Probe (Chrono Boost)  
  15  0:41  Gateway  
  16  0:46  Probe (Chrono Boost)  
  18  0:57  Probe (Chrono Boost)  
  18  0:58  Assimilator  
  18  1:20  Nexus  
  18  1:26  Probe (Chrono Boost)  
  19  1:35  Cybernetics Core  
  19  1:36  Probe (Chrono Boost)  
  20  1:42  Cybernetics Core  
  21  1:47  Probe (Chrono Boost)  
  21  1:49  Assimilator  
  21  1:57  Probe (Chrono Boost)  
  21  1:59  Pylon  
  22  2:05  Pylon  
  22  2:08  Probe (Chrono Boost)  
  23  2:18  Probe (Chrono Boost)  
  24  2:25  Adept  
  26  2:30  Twilight Council  
  26  2:39  Pylon  
  26  2:42  Gateway  
  26  2:46  Warp Gate  
  26  2:49  Probe (Chrono Boost)  
  27  2:59  Mothership Core (Chrono Boost)  
  29  3:11  Assimilator  
  29  3:17  Probe (Chrono Boost)  
  30  3:28  Adept  
  30  3:33  Dark Shrine  
  32  3:34  Gateway  
  32  3:37  Gateway  
  33  3:41  Probe (Chrono Boost)  
  33  3:46  Probe (Chrono Boost)  
  34  3:52  Probe (Chrono Boost)  
  35  3:58  Pylon  
  35  4:03  Probe (Chrono Boost)  
  36  4:14  Probe (Chrono Boost)  
  37  4:17  Robotics Facility  
  37  4:22  Probe (Chrono Boost)  
  38  4:27  Probe (Chrono Boost)  
  39  4:32  Probe (Chrono Boost)  
  39  4:38  Probe (Chrono Boost)  
  41  4:41  Nexus  
  41  4:43  Probe (Chrono Boost)  
  42  4:47  Pylon  
  42  4:53  Probe (Chrono Boost)  
  42  4:59  Probe (Chrono Boost), Assimilator  
  44  5:03  Sentry  
  44  5:04  Probe (Chrono Boost)  
  47  5:10  Probe (Chrono Boost)  
  47  5:15  Dark Templar x2, Probe (Chrono Boost)  
  47  5:20  Pylon  
  52  5:23  Archon  
  52  5:26  Probe (Chrono Boost)  
  53  5:35  Pylon  
  53  5:36  Probe (Chrono Boost)  
  53  5:38  Dark Templar, Pylon  
  53  5:41  Dark Templar  
  58  5:46  Resonating Glaives  
  58  5:47  Probe (Chrono Boost)  
  58  5:49  Sentry  
  61  5:50  Sentry  
  61  5:52  Archon  
  63  5:57  Probe (Chrono Boost)  
  63  5:59  Forge  
  63  6:01  Gateway  
  64  6:04  Pylon  
  64  6:06  Probe (Chrono Boost)  
  64  6:10  Probe (Chrono Boost)  
  66  6:14  Probe  
  66  6:15  Observer (Chrono Boost), Probe  
  69  6:24  Templar Archives  
  69  6:26  Probe  
  69  6:27  Pylon  
  69  6:29  Protoss Ground Weapons Level 1 (Chrono Boost)  
  70  6:35  Photon Cannon  
  70  6:36  Dark Templar  
  72  6:46  Assimilator  
  72  6:47  Assimilator  
  72  6:50  Dark Templar  
  56  7:09  Probe  
  57  7:19  Archon  
  57  7:21  Probe x2  
  57  7:22  Psionic Storm  
  59  7:25  Probe  
  59  7:28  Photon Cannon  
  60  7:32  Probe  
  60  7:33  Probe  
  62  7:37  Probe  
  63  7:45  Probe x2  
  63  7:49  High Templar  
  67  7:54  Adept x3  
  67  7:55  Adept  
  67  7:57  Probe x2  
  77  8:05  Stargate  
  77  8:09  Probe x3  
  80  8:16  Stalker  
  80  8:19  Stalker  
  84  8:21  Probe x2  
  86  8:34  Dark Templar x2  
  88  8:35  Dark Templar  
  92  8:51  Protoss Ground Weapons Level 2  
  92  9:09  Nexus  
  92  9:11  Immortal  
  96  9:19  High Templar x3  
  96  9:20  Stalker  
  96  9:22  Stalker  
  106  9:26  Pylon  
  106  9:40  Archon  
  107  9:45  Probe (Chrono Boost)  
  107  9:49  Probe (Chrono Boost)  
  107  9:52  Probe (Chrono Boost)  
  109  9:58  Robotics Bay, Probe (Chrono Boost)  
  111  10:00  Probe (Chrono Boost)  
  111  10:01  Blink  
  111  10:02  Stalker  
  111  10:04  Stalker, Probe (Chrono Boost)  
  116  10:10  Probe (Chrono Boost)  
  116  10:11  Dark Templar  
  119  10:16  Assimilator  
  119  10:18  Stalker  
  119  10:21  Sentry, Assimilator  
  122  10:22  Probe (Chrono Boost)  
  122  10:23  Archon  
  123  10:50  Probe (Chrono Boost)  
  123  10:56  Pylon  
  124  10:58  Photon Cannon  
  124  11:00  Pylon, Probe (Chrono Boost)  
  126  11:11  Probe (Chrono Boost)  
  108  11:24  High Templar  
  108  11:25  High Templar x3  
  76  11:31  Stalker  
  74  11:39  Probe (Chrono Boost)  
  72  11:40  Colossus  
  72  11:45  Probe (Chrono Boost)  
  70  11:50  Probe (Chrono Boost)  
  77  11:54  Gateway x2  
  77  11:57  Protoss Ground Weapons Level 3, Probe (Chrono Boost)  
  77  11:59  Gateway  
  77  12:00  Probe (Chrono Boost)  
  77  12:01  Pylon x2  
  79  12:04  Adept  
  79  12:05  Adept x4  
  90  12:09  Probe (Chrono Boost)  
  90  12:11  Probe (Chrono Boost)  
  90  12:14  Probe (Chrono Boost)  
  92  12:22  Probe (Chrono Boost)  
  94  12:23  Probe (Chrono Boost)  
  94  12:25  Probe (Chrono Boost)  
  95  12:30  Dark Templar  
  95  12:32  Dark Templar  
  95  12:34  Probe (Chrono Boost)  
  95  12:36  Probe x3 (Chrono Boost)  
  103  12:46  Probe x3 (Chrono Boost)  
  103  12:48  Probe (Chrono Boost)  
  107  12:53  Colossus  
  107  12:56  Dark Templar x3  
  107  12:57  Probe (Chrono Boost)  
  107  12:58  Probe (Chrono Boost)  
  110  13:02  Extended Thermal Lance (Chrono Boost)  
  117  13:08  Probe  
  117  13:10  Dark Templar  
  117  13:11  High Templar x3  
  126  13:15  Archon x2  
  126  13:18  Archon  
  126  13:19  Archon  
  119  13:21  Stalker  
  115  13:40  Stalker x3  
  117  13:48  Nexus  
  101  13:56  Archon  
  81  14:12  Stalker x5  
  81  14:13  Stalker x2  
  85  14:38  Stalker x3  
  87  14:39  Stalker x2  
  89  15:01  Stalker  
  89  15:02  Stalker x4  
  89  15:06  Mothership Core  
  83  15:26  Stalker x3  
  83  15:27  Stalker x2  
  89  15:28  Probe  
  84  15:40  Colossus  
  72  15:45  Protoss Shields Level 1  
  72  15:46  Probe  
  79  15:50  Void Ray  
  79  15:52  Dark Templar x2  
  79  15:53  Dark Templar x2  
  79  15:55  High Templar  
  79  15:56  Archon  
  93  15:57  Archon  
  93  15:58  Probe  
  94  16:10  Probe  
  90  16:32  Void Ray  
  90  16:34  Nexus  
  90  16:36  Pylon  
  84  16:43  Stalker x2  
  84  16:44  Nexus  
  80  16:48  Stalker  
  80  16:49  Stalker x2  
  66  17:14  Stalker x4  
  74  17:15  Stalker, Void Ray  
  76  17:34  Probe  
  77  17:47  Probe  
  78  17:54  High Templar  
  78  17:56  Dark Templar x2  
  78  17:57  Dark Templar  
  78  17:58  Void Ray (Chrono Boost)  
  81  17:59  Probe  
  86  18:07  Archon  
  86  18:08  Archon  
  86  18:19  Probe  
  87  18:31  Probe  
  87  18:34  Nexus  
  87  18:41  Pylon  
  87  18:47  Pylon  
  87  18:49  Pylon  
  87  18:50  High Templar x3  
  93  19:01  Stalker  
  95  19:16  Gateway  
  95  19:18  Gateway  
  95  19:26  Nexus  
  95  19:32  Stalker  
  95  19:33  Stalker  
  87  20:07  Archon  
  61  20:22  Probe  
  61  20:25  Dark Templar x2  
  61  20:26  Zealot x2  
  68  20:32  Probe  
  68  20:39  Probe  
  68  20:42  Probe  
  69  20:43  Probe  
  69  20:47  Assimilator  
  71  20:50  Probe  
  71  20:51  Assimilator  
  71  20:52  Probe  
  71  20:53  Probe  
  74  21:03  Zealot x2, Probe  
  74  21:04  Probe, Zealot x2  
  82  21:07  Archon  
  84  21:13  Probe  
  85  21:20  Pylon  
  85  21:23  Pylon  
  85  21:29  Assimilator  
  85  21:30  Probe  
  85  21:32  Photon Cannon  
  86  21:34  Assimilator  
  86  21:36  Zealot, Assimilator  
  86  21:37  Zealot x3  
  90  21:40  Assimilator  
  90  21:41  Probe  
  90  21:46  Stalker  
  90  21:47  Stalker  
  92  22:02  Void Ray (Chrono Boost)  
  96  22:12  Probe  
  97  22:21  Gateway  
  97  22:22  Probe x2  
  97  22:23  Gateway  
  97  22:27  Photon Cannon  
  99  22:31  Stalker  
  99  22:32  Stalker x3, Probe  
  99  22:33  Probe  
  99  22:35  High Templar  
  99  22:36  Probe  
  111  22:43  Probe x2  
  112  22:45  High Templar  
  116  22:53  Probe  
  116  22:54  Probe  
  116  22:56  Zealot x2  
  116  22:57  Zealot  
  124  23:04  Probe x2  
  124  23:05  Void Ray (Chrono Boost)  
  125  23:12  Protoss Air Weapons Level 1 (Chrono Boost)  
  130  23:18  Zealot x5  
  121  23:20  Probe  
  121  23:24  Charge  
  122  23:29  High Templar  
  122  23:31  High Templar, Probe  
  122  23:33  Probe  
  128  23:41  Gateway  
  128  23:44  Probe, Photon Cannon  
  129  23:54  Probe  
  130  24:05  Probe  
  131  24:15  Probe  
  126  24:35  Archon  
  118  24:46  Dark Templar x4  
  118  24:47  Dark Templar x4  
  118  24:48  Probe  
  135  24:58  Probe  
  135  25:02  Photon Cannon  
  135  25:03  Nexus  
  135  25:04  Photon Cannon  
  135  25:05  Gateway x2  
  136  25:08  Archon x3  
  136  25:09  Archon, Pylon, Probe  
  136  25:14  Dark Templar  
  138  25:16  Pylon  
  138  25:20  Zealot x2, Probe  
  138  25:21  Zealot  
  135  25:27  Probe  
  129  25:28  Void Ray  
  129  25:31  Probe  
  134  25:38  Protoss Air Armor Level 1 (Chrono Boost), Probe  
  134  25:41  Probe  
  135  25:48  High Templar x2, Probe  
  135  25:49  High Templar  
  142  25:50  Stalker x2  
  147  26:06  Void Ray  
  151  26:21  Nexus  
  123  27:24  Stalker x2  
  123  27:25  Stalker x4  
  123  27:26  Stalker x3  
  131  27:48  Stalker  
  131  27:49  Stalker  
  131  27:50  High Templar x3  
  131  27:51  High Templar x2  
  145  27:52  Zealot x2  
Show
View Real Time Build Order
Export as new Build Order

blackxored Zerg 

Build Orders: Hatch First 

Get SALT Encoding   

  12  0:01  Drone  
  13  0:08  Drone  
  14  0:17  Overlord  
  14  0:23  Extractor  
  14  0:24  Drone  
  15  0:39  Drone x2  
  17  0:52  Hatchery  
  17  0:56  Drone  
  17  0:59  Drone  
  18  1:10  Extractor  
  17  1:15  Spawning Pool  
  17  1:17  Drone  
  17  1:22  Drone  
  18  1:28  Drone  
  19  1:39  Overlord  
  19  1:51  Drone  
  20  2:10  Zergling x6  
  20  2:14  Metabolic Boost, Queen  
  25  2:16  Queen  
  27  2:45  Hatchery  
  27  2:47  Drone x3  
  27  2:48  Drone x3  
  32  2:58  Overlord  
  32  3:01  Pneumatized Carapace  
  32  3:03  Drone  
  33  3:13  Drone x2  
  35  3:20  Overlord  
  35  3:29  Drone x6  
  41  3:36  Evolution Chamber  
  41  3:38  Drone  
  41  3:40  Baneling Nest, Drone  
  41  3:49  Drone  
  42  4:05  Spore Crawler  
  41  4:11  Drone x4  
  41  4:15  Lair  
  45  4:17  Spore Crawler x2  
  45  4:20  Spore Crawler  
  45  4:22  Extractor, Drone x3  
  45  4:23  Drone  
  45  4:25  Zerg Melee Weapons Level 1  
  45  4:27  Queen  
  45  4:28  Zergling x2  
  47  4:45  Zergling x14  
  53  4:46  Zergling x4  
  56  4:56  Drone  
  56  4:58  Overlord x2  
  56  4:59  Overlord  
  57  5:06  Baneling x6  
  57  5:26  Zergling x2  
  57  5:27  Zergling x14  
  57  5:28  Zergling x12  
  71  5:30  Centrifical Hooks  
  71  5:38  Baneling  
  71  5:39  Baneling  
  71  5:46  Drone  
  71  5:47  Drone x2  
  71  5:49  Baneling  
  74  5:50  Baneling  
  74  6:04  Baneling  
  74  6:07  Baneling  
  74  6:11  Baneling  
  74  6:28  Zergling x2  
  74  6:29  Zergling x12  
  81  6:35  Infestation Pit  
  77  7:06  Drone x2  
  78  7:09  Drone  
  78  7:10  Extractor, Drone x3  
  78  7:11  Extractor  
  78  7:14  Drone  
  81  7:18  Zergling x2  
  81  7:21  Baneling x2  
  81  7:22  Baneling x9  
  81  7:37  Overlord x3  
  81  7:38  Overlord  
  81  7:48  Drone, Hatchery  
  81  8:03  Drone x3  
  81  8:05  Drone  
  85  8:08  Drone x16  
  85  8:11  Extractor  
  100  8:13  Extractor  
  100  8:14  Drone  
  100  8:19  Hive  
  97  8:22  Drone x3  
  100  8:28  Drone  
  100  8:29  Spire  
  100  8:33  Overlord  
  100  8:34  Overlord  
  99  8:57  Zergling x18  
  108  9:11  Overseer  
  108  9:17  Baneling x4  
  108  9:18  Baneling  
  108  9:19  Baneling x10  
  108  9:20  Baneling x13  
  108  9:21  Zergling x20  
  118  9:39  Baneling x3  
  118  9:45  Baneling x3  
  117  9:46  Baneling x2  
  117  9:52  Zergling x2  
  118  9:53  Zergling x22  
  118  9:57  Greater Spire  
  129  10:16  Overlord x2  
  129  10:17  Overlord x2  
  127  10:55  Corruptor x9  
  122  11:22  Zergling x16  
  108  11:30  Zergling x8  
  108  11:32  Brood Lord x4  
  124  11:33  Brood Lord x4  
  127  11:45  Corruptor  
  128  11:47  Overlord x3  
  128  11:57  Adrenal Glands  
  128  11:58  Zerg Melee Weapons Level 2  
  128  12:04  Hatchery  
  128  12:07  Evolution Chamber  
  126  12:15  Hatchery  
  125  12:32  Zerg Flyer Weapons Level 1  
  125  12:33  Zerg Ground Armor Level 1  
  125  12:34  Zergling x18  
  125  12:36  Baneling x14  
  134  12:37  Baneling  
  134  12:39  Baneling  
  134  12:40  Baneling  
  133  12:45  Extractor x2  
  125  13:01  Corruptor x3  
  125  13:04  Zergling x20  
  141  13:28  Zergling x2  
  141  13:29  Zergling x22  
  141  13:31  Baneling x21  
  153  13:46  Zergling x2  
  153  13:47  Zergling x10  
  136  14:02  Zergling x12  
  127  14:06  Mutalisk x2  
  117  14:19  Zergling x8  
  111  14:29  Zergling x8  
  111  14:31  Baneling x13  
  111  14:39  Zergling x6  
  111  14:43  Corruptor x4  
  115  14:56  Zergling x14  
  115  14:58  Baneling x13  
  107  15:33  Brood Lord x3  
  108  15:40  Zergling x10  
  108  15:41  Zergling x8  
  109  15:52  Brood Lord  
  109  15:53  Brood Lord  
  113  16:00  Hatchery  
  109  16:23  Brood Lord x2  
  98  16:33  Zergling x28  
  110  16:45  Corruptor x4  
  118  16:51  Queen x2  
  114  16:55  Drone  
  107  17:05  Corruptor  
  89  17:33  Drone x8  
  98  17:37  Drone  
  98  17:44  Zergling x2  
  98  17:45  Zergling x2  
  98  17:47  Baneling  
  98  17:48  Baneling x4  
  98  17:49  Baneling  
  98  17:51  Baneling x2  
  100  17:52  Baneling  
  100  17:53  Baneling  
  100  17:54  Baneling  
  100  17:55  Baneling  
  100  17:56  Baneling  
  100  17:57  Baneling  
  100  17:58  Baneling x2  
  98  18:04  Drone x3  
  98  18:05  Drone  
  102  18:08  Drone  
  102  18:09  Drone  
  104  18:27  Zergling x2  
  104  18:28  Zergling x16  
  104  18:29  Zergling x8  
  114  18:49  Corruptor  
  114  18:50  Corruptor x4  
  124  19:15  Hatchery  
  123  19:26  Brood Lord x5  
  123  19:27  Corruptor  
  123  19:31  Corruptor  
  135  19:35  Baneling x4  
  135  19:36  Baneling  
  137  19:39  Corruptor  
  103  20:10  Corruptor x3  
  95  20:23  Corruptor  
  93  20:49  Zergling x4  
  96  20:50  Zergling x4  
  96  20:54  Corruptor x2  
  101  21:06  Extractor, Drone x4  
  101  21:07  Extractor, Drone  
  101  21:11  Drone  
  105  21:12  Zergling x8  
  105  21:13  Zergling x2  
  110  21:26  Extractor  
  110  21:28  Extractor  
  104  22:06  Zergling x22  
  115  22:12  Baneling x3  
  115  22:13  Baneling  
  115  22:21  Hatchery  
  114  22:32  Corruptor x2  
  100  23:22  Corruptor  
  100  23:23  Corruptor x4  
  110  23:30  Drone x3  
  110  23:32  Queen  
  113  23:56  Zergling x32  
  113  23:57  Zergling x4  
  113  24:01  Brood Lord  
  113  25:35  Corruptor x3  
  109  25:36  Corruptor x8  
  109  25:37  Corruptor x3  
  136  26:02  Brood Lord x2  
  140  26:05  Zergling x2  
  140  26:06  Zergling x2  
  140  26:07  Overlord x4  
  140  26:10  Hatchery  
  141  26:16  Hatchery  
  100  26:46  Corruptor x3  
  68  27:02  Zergling x38  
  87  27:14  Zergling x10  
Tags
 
Add a new tag
Caveats
  • Supply blocks, unpowered buildings, or Contaminate may cause inaccurate times.
  • Supply counts are checked every 10 seconds.